 Dungeon Crawl Stone Soup version 0.29.0-4-gdea44cf6ec (webtiles) character file.

Game seed: 11547970627459126476

42 qw the Chopper (level 3, 0/21 HPs)
             Began as a Tengu Warper on Aug 28, 2022.
             Succumbed to their own poison gas
             ... on level 2 of the Dungeon.
             The game lasted 00:00:09 (1841 turns).

qw the Chopper (Tengu Warper)                       Turns: 1841, Time: 00:00:09

Health: 0/21       AC: 11    Str: 13    XL:     3   Next: 56%
Magic:  7/7        EV: 18    Int: 13    God:
Gold:   56         SH:  0    Dex: 13    Spells: 6/6 levels left

rFire   . . .      SeeInvis .   Y - +0 hand axe
rCold   . . .      Faith    .   (no shield)
rNeg    . . .      Spirit   .   o - +0 plate armour
rPois   .          Reflect  .   (helmet restricted)
rElec   .          Harm     .   b - +0 cloak
rCorr   .          Rampage  .   (no gloves)
Will    .....                   (boots unavailable)
Stlth   ..........              a - amulet of the acrobat
HPRegen 0.07/turn               (no ring)
MPRegen 0.10/turn               (no ring)

@: lethally poisoned (0 -> -1), acrobatic
A: beak, talons 3
a: no special abilities


You were on level 2 of the Dungeon.
You visited 1 branch of the dungeon, and saw 2 of its levels.

You collected 56 gold pieces.


Innate Abilities, Weirdness & Mutations

You have a beak for a mouth.
You have claws for feet.


   Skills:
 - Level 2.0 Fighting
 - Level 4.2 Axes
 - Level 1.0 Throwing
 + Level 1.1 Armour
 - Level 2.1 Dodging
 - Level 2.0 Spellcasting
 - Level 2.4 Translocations


You had 6 spell levels left.
You didn't know any spells.
Your spell library contained the following spells:

 Spells                   Type           Power      Damage    Failure   Level
 Blink                    Tloc           14%        N/A       100%        2
 Gell's Gravitas          Tloc           7%         N/A       100%        3
 Lesser Beckoning         Tloc           7%         N/A       100%        3
 Teleport Other           Tloc           7%         N/A       100%        3
 Manifold Assault         Tloc           7%         N/A       100%        5

Inventory:

Hand Weapons
 f - a +0 whip
 Y - a +0 hand axe (weapon)
Missiles
 m - a boomerang (quivered)
Armour
 b - a +0 cloak (worn)
 o - a +0 plate armour (worn)
Jewellery
 a - an amulet of the acrobat (around neck)
Scrolls
 k - a scroll of identify
Potions
 d - a potion of magic {unknown}
 g - a potion of resistance {unknown}
 i - a potion of curing {unknown}
 n - a potion of heal wounds {unknown}

Dungeon Overview and Level Annotations

Branches:
Dungeon (2/15)

Altars:


Message History

It was a scroll of poison.
Done exploring.
1830 ||| READING 2 scrolls of identify.
As you read the scroll of identify, it crumbles to dust.
c - a potion of lignification
1830 ||| IDENTIFYING sedimented emerald potion Done exploring.
1831 ||| DROPPING potion of lignification.
You drop a potion of lignification.
Done exploring.
1832 ||| DROPPING scroll of vulnerability.
You drop a scroll of vulnerability.
Done exploring.
(D) Dungeon
Where to? (* - list waypoints, Enter - D:2, ? - help)
What level of the Dungeon? (default 1, ? - help) Sorry, I don't know how to get there.
Done exploring.
1833 ||| Stepping randomly (stuck).
Really walk into that cloud of poison gas?
You are engulfed in poison gas.
You are poisoned.
You feel very sick.
1834 ||| Stepping ~*~*~tactically~*~*~ (cloud).
You feel sick.
Things that are here:
a scroll of vulnerability; a potion of lignification
There is a lethal amount of poison in your body!
You feel sick.
There is a lethal amount of poison in your body!
You feel sick.
There is a lethal amount of poison in your body!
You feel sick.
There is a lethal amount of poison in your body!
You feel sick.
There is a lethal amount of poison in your body!
You feel sick.
There is a lethal amount of poison in your body!
You feel sick.
There is a lethal amount of poison in your body!
You die...

#####..######...
#..........##.##
#.............#
#..........?.###
#######...<.###.
#....###..
#....#...# ######
#......... #0@00#
#.......## #¤000#
###......##
#0000###..>...#.###
#0.000¤..#....#....
#0¤.0¤.###....#####
#.¤.0#..0.....#
#000¤#####....#####
###### ###.......
########


There were no monsters in sight!

Vanquished Creatures
  A worm (D:2)
  2 dart slugs
  4 endoplasms (D:1)
  3 goblins
  A hobgoblin (D:2)
  7 kobolds
  2 quokkas (D:1)
  5 ball pythons (D:1)
  4 bats
  3 frilled lizards
  2 rats (D:2)
34 creatures vanquished.

Notes
Turn   | Place    | Note
-------+----------+-------------------------------------------
     0 | D:1      | qw the Tengu Warper began the quest for the Orb.
     0 | D:1      | Reached XP level 1. HP: 12/12 MP: 4/4
     0 | D:1      | 0 ||| qw: Version: 0.1-a-89-g26bdef1
     0 | D:1      | 0 ||| qw: Game counter: 92
     0 | D:1      | 0 ||| qw: Always use a shield: true
     0 | D:1      | 0 ||| qw: God list: Okawaru
     0 | D:1      | 0 ||| qw: Allow faded altars: false
     0 | D:1      | 0 ||| qw: Do Orc after D:15 true
     0 | D:1      | 0 ||| qw: Do second Lair branch before Depths: true
     0 | D:1      | 0 ||| qw: Lair rune preference: random
     0 | D:1      | 0 ||| qw: Plans: Normal
     0 | D:1      | 0 ||| PLANNING D:1-11
   126 | D:1      | Reached XP level 2. HP: 17/17 MP: 6/6
   201 | D:1      | 201 ||| Stepping ~*~*~tactically~*~*~ (stealth).
   202 | D:1      | 202 ||| Stepping ~*~*~tactically~*~*~ (stealth).
   205 | D:1      | Reached skill level 3 in Axes
   213 | D:1      | 213 ||| Stepping ~*~*~tactically~*~*~ (stealth).
   656 | D:1      | 656 ||| Stepping ~*~*~tactically~*~*~ (stealth).
   658 | D:1      | 658 ||| Stepping ~*~*~tactically~*~*~ (stealth).
   685 | D:1      | Reached XP level 3. HP: 21/21 MP: 7/7
   695 | D:1      | 695 ||| Stepping ~*~*~tactically~*~*~ (stealth).
   807 | D:1      | 807 ||| Stepping ~*~*~tactically~*~*~ (hiding).
   909 | D:1      | 909 ||| Stepping ~*~*~tactically~*~*~ (hiding).
  1208 | D:1      | 1208 ||| UPGRADING to +0 chain mail.
  1218 | D:1      | 1218 ||| DROPPING +0 leather armour.
  1219 | D:1      | 1219 ||| DROPPING ring of flight.
  1220 | D:1      | 1220 ||| READING scroll labelled TIAXYDAEWN.
  1221 | D:1      | 1221 ||| READING scroll labelled TAGGYBEBBYF.
  1222 | D:1      | 1222 ||| READING scroll labelled CIXEMY REJO.
  1223 | D:1      | 1223 ||| DROPPING scroll of blinking.
  1254 | D:2      | 1254 ||| Stepping ~*~*~tactically~*~*~ (hiding).
  1260 | D:2      | Reached skill level 4 in Axes
  1365 | D:2      | Found a faded altar of an unknown god.
  1681 | D:2      | 1681 ||| UPGRADING to +0 cloak.
  1686 | D:2      | 1686 ||| UPGRADING to +0 plate armour.
  1696 | D:2      | 1696 ||| DROPPING +0 chain mail.
  1697 | D:2      | 1697 ||| UPGRADING to amulet of the acrobat.
  1702 | D:2      | 1702 ||| READING 2 scrolls labelled ZEGOMOBBOMUQ.
  1703 | D:2      | 1703 ||| READING scroll labelled GECHOHAI AFUA.
  1707 | D:2      | 1707 ||| READING scroll labelled JOUCIER JYE.
  1829 | D:2      | 1829 ||| READING scroll labelled SIZECLEIST.
  1830 | D:2      | 1830 ||| READING 2 scrolls of identify.
  1830 | D:2      | 1830 ||| IDENTIFYING sedimented emerald potion
  1831 | D:2      | 1831 ||| DROPPING potion of lignification.
  1832 | D:2      | 1832 ||| DROPPING scroll of vulnerability.
  1833 | D:2      | 1833 ||| Stepping randomly (stuck).
  1834 | D:2      | 1834 ||| Stepping ~*~*~tactically~*~*~ (cloud).
  1836 | D:2      | HP: 5/21 [poisoned by you (poison gas)]
  1839 | D:2      | HP: 2/21 [poisoned by you (poison gas)]
  1841 | D:2      | Succumbed to their own poison gas

Levels and vault maps discovered:
D:1:      psy_arrival_dodecagon, layout_basic, grunt_decor_arrowhead,
          minmay_hexomino_p4
D:2:      layout_rooms, shapermc_ecumenical_altar_venn, minmay_misc_feat_hallway

Skill      XL: |  1  2  3 |
---------------+----------+-----
Axes           | 3 4 |  4.2
Fighting       | |  2.0
Throwing       | |  1.0
Armour         | |  1.1
Dodging        | |  2.1
Spellcasting   | |  2.0
Translocations | |  2.4

Action                   || total
-------------------------++-------
Melee: Hand axe          ||    47
       Peck              ||     6
       Kick              ||    15
Throw: Boomerang         ||    34
  Use: Scroll            ||     8
 Stab: Distracted        ||     1
Armor: Leather armour    ||     8
       Chain mail        ||     3
Dodge: Dodged            ||    23

Table legend:
 A = Non-vault XP
 B = Vault XP
 C = Vault XP percentage of total XP
 D = Non-vault monster count
 E = Vault monster count
 F = Vault count percentage of total count
                 A         B        C        D         E       F
            +---------+---------+-------+---------+---------+-------
      Total |      53 |       8 |  13.1 |      30 |       4 |  11.8
            +---------+---------+-------+---------+---------+-------
        D:1 |      34 |       8 |  19.0 |      20 |       4 |  16.7
        D:2 |      19 |       0 |   0.0 |      10 |       0 |   0.0
            +---------+---------+-------+---------+---------+-------
